Map: Dusk Towers

Players

ILLBdA - Winner!

  • Race: Protoss Protoss
  • League: Diamond

ONGGAMENET

  • Race: Zerg Zerg
  • League: Diamond

VOD

Have the link to the VOD?

Description

Time

  • Played on: Dec. 15, 2015, 10:20 p.m.
  • Length: 8:28
Show
View Real Time Build Order
Export as new Build Order

ILLBdA Protoss - Winner!

Build Orders: Nexus First, Zealot Archon, Dark Templar Rush 

Get SALT Encoding   

  12  0:01  Probe (Chrono Boost)  
  13  0:11  Probe (Chrono Boost)  
  14  0:18  Pylon  
  14  0:22  Probe (Chrono Boost)  
  15  0:36  Probe (Chrono Boost)  
  16  0:47  Probe (Chrono Boost)  
  17  0:57  Nexus  
  17  1:07  Gateway  
  18  1:11  Probe (Chrono Boost)  
  18  1:18  Assimilator  
  18  1:24  Probe (Chrono Boost)  
  18  1:25  Assimilator  
  19  1:35  Probe (Chrono Boost), Pylon  
  20  1:45  Probe (Chrono Boost)  
  21  1:54  Cybernetics Core  
  21  1:56  Probe (Chrono Boost)  
  21  1:59  Zealot  
  24  2:06  Probe (Chrono Boost)  
  25  2:10  Probe (Chrono Boost)  
  26  2:17  Probe (Chrono Boost)  
  26  2:20  Probe (Chrono Boost)  
  28  2:25  Pylon  
  28  2:31  Probe x2 (Chrono Boost)  
  28  2:33  Sentry (Chrono Boost)  
  32  2:40  Probe (Chrono Boost)  
  32  2:41  Mothership Core (Chrono Boost)  
  32  2:42  Warp Gate  
  35  2:51  Gateway  
  35  2:58  Gateway  
  35  3:04  Probe  
  36  3:06  Probe  
  37  3:16  Probe  
  37  3:17  Probe, Twilight Council  
  39  3:22  Sentry (Chrono Boost)  
  41  3:27  Probe  
  41  3:28  Probe  
  41  3:33  Assimilator  
  43  3:37  Pylon  
  43  3:38  Probe  
  43  3:41  Probe  
  45  3:48  Probe  
  45  3:51  Pylon  
  45  3:53  Probe  
  47  3:58  Dark Shrine  
  47  3:59  Probe  
  48  4:04  Adept (Chrono Boost)  
  48  4:06  Probe  
  48  4:07  Adept (Chrono Boost)  
  48  4:08  Adept (Chrono Boost)  
  51  4:20  Pylon  
  51  4:21  Pylon  
  51  4:22  Pylon  
  51  4:23  Gateway  
  51  4:36  Probe x2  
  51  4:47  Sentry x3  
  51  4:51  Forge  
  57  5:09  Probe  
  57  5:11  Probe  
  59  5:14  Dark Templar x2  
  61  5:30  Probe  
  62  5:40  Pylon  
  62  5:43  Dark Templar  
  61  5:51  Dark Templar  
  61  5:53  Probe  
  64  6:01  Probe  
  65  6:10  Gateway  
  64  6:12  Gateway  
  64  6:14  Gateway  
  64  6:18  Pylon  
  59  6:31  Probe  
  60  6:33  Probe  
  60  6:39  Gateway  
  61  6:43  Dark Templar  
  63  6:49  Probe  
  64  6:54  Nexus  
  64  6:55  Pylon  
  64  6:57  Robotics Facility  
  64  7:02  Archon x2  
  64  7:09  Pylon  
  64  7:10  Zealot  
  64  7:11  Pylon, Zealot x3  
  64  7:14  Probe  
  64  7:15  Probe  
  74  7:31  Pylon  
  74  7:32  Zealot  
  74  7:33  Zealot  
  74  7:35  Probe  
  79  7:37  Probe  
  80  7:44  Immortal (Chrono Boost)  
  84  7:54  Stargate  
  84  8:02  Probe  
  84  8:04  Photon Cannon  
  85  8:06  Photon Cannon  
  85  8:08  Probe, Assimilator  
  85  8:09  Photon Cannon  
  85  8:11  Photon Cannon  
  86  8:12  Photon Cannon  
  86  8:16  Stargate  
  86  8:24  Assimilator  
Show
View Real Time Build Order
Export as new Build Order

ONGGAMENET Zerg 

Build Orders: Hatch First, Zergling Baneling 

Get SALT Encoding   

  12  0:07  Drone  
  12  0:08  Drone  
  14  0:17  Overlord  
  14  0:28  Extractor  
  14  0:29  Drone  
  15  0:36  Drone  
  16  0:46  Drone  
  17  0:54  Drone  
  18  1:02  Drone  
  19  1:08  Hatchery  
  19  1:09  Extractor  
  17  1:13  Drone  
  18  1:23  Drone  
  19  1:26  Spawning Pool  
  18  1:46  Overlord, Drone  
  19  1:55  Drone  
  20  2:10  Drone  
  20  2:14  Queen  
  23  2:19  Metabolic Boost  
  23  2:22  Queen  
  25  2:23  Overlord, Zergling x2  
  26  2:35  Zergling x4  
  28  2:42  Baneling Nest  
  27  2:46  Zergling x4  
  29  3:02  Zergling x6  
  32  3:08  Extractor  
  32  3:09  Zergling x2  
  32  3:12  Zergling x2  
  33  3:20  Zergling x2  
  33  3:22  Zergling x2  
  33  3:24  Zergling x2  
  36  3:28  Extractor  
  36  3:29  Zergling x2  
  36  3:30  Zergling x4  
  36  3:31  Zergling x6  
  42  3:35  Baneling  
  42  3:36  Baneling x5  
  42  3:38  Zergling x2  
  42  3:40  Zergling x2  
  44  3:46  Baneling x2  
  44  3:57  Overlord  
  41  4:17  Baneling x3  
  41  4:20  Zergling x6  
  41  4:22  Overlord  
  44  4:25  Baneling  
  43  4:36  Baneling, Zergling x2  
  40  4:46  Baneling  
  40  4:47  Zergling x6  
  40  4:48  Zergling x6  
  40  4:50  Zergling x6  
  49  4:54  Baneling  
  49  5:06  Baneling  
  45  5:08  Zergling x10  
  43  5:32  Zergling x16  
  41  6:01  Drone x2  
  41  6:02  Drone x3  
  46  6:06  Lair  
  31  6:31  Spore Crawler  
  27  6:33  Zergling x2  
  27  6:34  Zergling x6  
  27  6:35  Drone x6  
  27  6:36  Drone  
  38  6:47  Extractor  
  37  6:52  Extractor  
  37  6:53  Extractor  
  35  7:07  Spire  
  34  7:14  Drone x3  
  38  7:15  Drone x2  
  38  7:16  Drone x2  
  38  7:17  Drone x2  
  38  7:18  Drone  
  44  7:25  Spore Crawler  
  44  7:27  Spore Crawler  
  42  7:42  Infestation Pit  
  41  7:46  Drone x2  
Tags
 
Add a new tag
Caveats
  • Supply blocks, unpowered buildings, or Contaminate may cause inaccurate times.
  • Supply counts are checked every 10 seconds.